| TOP OF THE 1ST |
|
Sacramento River Cats batting - Pitching for Gwinnett Braves : LHP Justin Sullins
|
|
Pitching: LHP Justin Sullins
|
|
|
Batting: RHB Bill Defazio
|
0-0: Ball 1-0: Called Strike 1-1: Called Strike 1-2: SINGLE (Flyball, 8LS, EV 97.5 MPH)
|
|
Batting: LHB Kevin Kantor
|
0-0: Ball Bill Defazio steals 2nd, throwing error, E2 Bill Defazio to third 1-0: Foul Ball, location: 2F 1-1: Ball 2-1: Ball 3-1: Ground out 5-3 (Groundball, 56S, EV 73.1 MPH) Bill Defazio scores
|
|
Batting: RHB Lucan Esini
|
0-0: Ball 1-0: Ground out 5-3 (Groundball, 5, EV 83.1 MPH)
|
|
Batting: LHB Ryan Braden
|
0-0: Foul Ball, location: 2F 0-1: SINGLE (Groundball, 5L, EV 100.6 MPH) (infield hit)
|
|
Batting: RHB Hugo Zacarias
|
0-0: Ball 1-0: Foul Ball, location: 2F 1-1: Ball 2-1: Ball 3-1: Called Strike 3-2: Ground out 5-3 (Groundball, 56, EV 89.4 MPH)
|
| Top of the 1st over - 1 run, 2 hits, 1 error, 1 left on base; Sacramento 1 - Gwinnett 0 |
| BOTTOM OF THE 1ST |
|
Gwinnett Braves batting - Pitching for Sacramento River Cats : RHP Tim Welshman
|
|
Pitching: RHP Tim Welshman
|
|
|
Batting: LHB Robby Dann
|
0-0: Foul Ball, location: 2F 0-1: Ball 1-1: Ball 2-1: Foul Ball, location: 2F 2-2: Foul Ball, location: 2F 2-2: Strikes out looking
|
|
Batting: RHB Neal Tinoco
|
0-0: Called Strike 0-1: Called Strike 0-2: Ball 1-2: Ball 2-2: Ball 3-2: Base on Balls
|
|
Batting: RHB Luis Revilla
|
0-0: Ball 1-0: Ball 2-0: Called Strike 2-1: Foul Ball, location: 2F 2-2: Strikes out swinging
|
|
Batting: RHB Jake Lang
|
0-0: Ball 1-0: Called Strike 1-1: Foul Ball, location: 2F 1-2: Fly out, F6 (Popup, 6MD, EV 55.0 MPH)
|
| Bottom of the 1st over - 0 runs, 0 hits, 0 errors, 1 left on base; Sacramento 1 - Gwinnett 0 |
| TOP OF THE 2ND |
|
Sacramento River Cats batting - Pitching for Gwinnett Braves : LHP Justin Sullins
|
|
Batting: LHB Willie Ceniceros
|
0-0: Called Strike 0-1: Ball 1-1: Ground out 4-3 (Groundball, 4, EV 90.0 MPH)
|
|
Batting: RHB Laroya Foronda
|
0-0: Called Strike 0-1: Called Strike 0-2: Strikes out swinging
|
|
Batting: LHB Nick Swank
|
0-0: Foul Ball, location: 2F 0-1: Ball 1-1: Ball 2-1: Ground out 4-3 (Groundball, 4, EV 93.8 MPH)
|
| Top of the 2nd over - 0 runs, 0 hits, 0 errors, 0 left on base; Sacramento 1 - Gwinnett 0 |
| BOTTOM OF THE 2ND |
|
Gwinnett Braves batting - Pitching for Sacramento River Cats : RHP Tim Welshman
|
|
Batting: RHB Corey Dalton
|
0-0: DOUBLE (Line Drive, 5D, EV 98.8 MPH)
|
|
Batting: RHB Chris Sharpe
|
0-0: Called Strike 0-1: Called Strike 0-2: Strikes out swinging
|
|
Batting: LHB Mark Buchholz
|
0-0: Ball 1-0: Called Strike 1-1: Swinging Strike 1-2: Ball 2-2: Ball Wild Pitch! Corey Dalton to third 3-2: Foul Ball, location: 2F 3-2: Strikes out looking
|
|
Batting: RHB Jesse Lester
|
0-0: Ball 1-0: Called Strike 1-1: Foul Ball, location: 2F 1-2: Strikes out swinging
|
| Bottom of the 2nd over - 0 runs, 1 hit, 0 errors, 1 left on base; Sacramento 1 - Gwinnett 0 |
| TOP OF THE 3RD |
|
Sacramento River Cats batting - Pitching for Gwinnett Braves : LHP Justin Sullins
|
|
Batting: RHB Jack Toole
|
0-0: Ball 1-0: Ball 2-0: Called Strike 2-1: Foul Ball, location: 2F 2-2: Ball 3-2: Strikes out swinging
|
|
Batting: RHB Bill Defazio
|
0-0: Ball 1-0: DOUBLE (Groundball, 5L, EV 106.9 MPH)
|
|
Batting: LHB Kevin Kantor
|
0-0: Ball 1-0: Called Strike 1-1: Ball 2-1: Ground out 1-3 (Groundball, 34S, EV 71.9 MPH) Bill Defazio to third
|
|
Batting: RHB Lucan Esini
|
0-0: Foul Ball, location: 2F 0-1: SINGLE (Line Drive, 56, EV 94.4 MPH) Bill Defazio scores
|
|
Batting: LHB Ryan Braden
|
0-0: Ball 1-0: Ball 2-0: Called Strike 2-1: Fly out, F7 (Flyball, 7, EV 87.5 MPH)
|
| Top of the 3rd over - 1 run, 2 hits, 0 errors, 1 left on base; Sacramento 2 - Gwinnett 0 |
| BOTTOM OF THE 3RD |
|
Gwinnett Braves batting - Pitching for Sacramento River Cats : RHP Tim Welshman
|
|
Batting: RHB Johnny Burroughs
|
0-0: Ball 1-0: Foul Ball, location: 2F 1-1: Foul Ball, location: 2F 1-2: Ball 2-2: Strikes out swinging
|
|
Batting: LHB Robby Dann
|
0-0: Called Strike 0-1: Called Strike 0-2: Ball 1-2: Ball 2-2: Ball 3-2: Base on Balls
|
|
Batting: RHB Neal Tinoco
|
0-0: Called Strike Robby Dann steals 2nd base (no throw) 0-1: Ground out 2-3 (Groundball, 2L, EV 69.4 MPH) Robby Dann to third
|
|
Batting: RHB Luis Revilla
|
0-0: Ball 1-0: Ball 2-0: Foul Ball, location: 2F 2-1: Swinging Strike 2-2: Ball 3-2: SINGLE (Line Drive, 6M, EV 94.4 MPH) Robby Dann scores
|
|
Batting: RHB Jake Lang
|
0-0: 2-RUN HOME RUN (Flyball, 8RXD, EV 103.8 MPH), Distance : 425 ft
|
|
Batting: RHB Corey Dalton
|
0-0: Called Strike 0-1: Ball 1-1: Ball 2-1: Called Strike 2-2: SINGLE (Line Drive, 9S, EV 109.4 MPH)
|
|
Batting: RHB Chris Sharpe
|
0-0: Ball 1-0: Ball 2-0: Fly out, F7 (Flyball, 78S, EV 93.8 MPH)
|
| Bottom of the 3rd over - 3 runs, 3 hits, 0 errors, 1 left on base; Sacramento 2 - Gwinnett 3 |
| TOP OF THE 4TH |
|
Sacramento River Cats batting - Pitching for Gwinnett Braves : LHP Justin Sullins
|
|
Batting: RHB Hugo Zacarias
|
0-0: Ball 1-0: Foul Ball, location: 2F 1-1: Swinging Strike 1-2: Ball 2-2: SINGLE (Groundball, 56S, EV 74.4 MPH) (infield hit)
|
|
Batting: LHB Willie Ceniceros
|
0-0: Ball 1-0: Ball 2-0: Called Strike 2-1: DOUBLE (Flyball, 8RXD, EV 93.8 MPH) Hugo Zacarias to third
|
|
Batting: RHB Laroya Foronda
|
0-0: Ball 1-0: Swinging Strike 1-1: Swinging Strike 1-2: Ball 2-2: Foul Ball, location: 2F 2-2: Strikes out swinging
|
|
Batting: LHB Nick Swank
|
0-0: Ball 1-0: Ball 2-0: Foul Ball, location: 2F 2-1: Fly out, F2 (Popup, 2RF, EV 95.6 MPH)
|
|
Batting: RHB Jack Toole
|
0-0: Swinging Strike 0-1: Ground out 6-3 (Groundball, 6, EV 87.5 MPH)
|
| Top of the 4th over - 0 runs, 2 hits, 0 errors, 2 left on base; Sacramento 2 - Gwinnett 3 |
| BOTTOM OF THE 4TH |
|
Gwinnett Braves batting - Pitching for Sacramento River Cats : RHP Tim Welshman
|
|
Batting: LHB Mark Buchholz
|
0-0: Called Strike 0-1: Swinging Strike 0-2: Strikes out swinging
|
|
Batting: RHB Jesse Lester
|
0-0: Called Strike 0-1: Foul Ball, location: 2F 0-2: Foul Ball, location: 2F 0-2: Ball 1-2: Ground out 6-3 (Groundball, 6, EV 81.2 MPH)
|
|
Batting: RHB Johnny Burroughs
|
0-0: Ball 1-0: Foul Ball, location: 2F 1-1: Ball 2-1: Ball 3-1: Ground out 4-3 (Groundball, 4, EV 90.0 MPH)
|
| Bottom of the 4th over - 0 runs, 0 hits, 0 errors, 0 left on base; Sacramento 2 - Gwinnett 3 |
| TOP OF THE 5TH |
|
Sacramento River Cats batting - Pitching for Gwinnett Braves : LHP Justin Sullins
|
|
Batting: RHB Bill Defazio
|
0-0: Ball 1-0: Ball 2-0: SINGLE (Groundball, 4MD, EV 104.4 MPH)
|
|
Batting: LHB Kevin Kantor
|
0-0: DOUBLE (Line Drive, 78D, EV 106.9 MPH) Bill Defazio to third
|
|
Batting: RHB Lucan Esini
|
0-0: Ball 1-0: Foul Ball, location: 2F 1-1: Foul Ball, location: 2F 1-2: Fly out, F9 (Flyball, 9LS, EV 95.6 MPH)
|
|
Batting: LHB Ryan Braden
|
0-0: Ball 1-0: Foul Ball, location: 2F 1-1: Ball 2-1: Fly out, F4 (Popup, 4, EV 54.4 MPH)
|
|
Batting: RHB Hugo Zacarias
|
0-0: Ball 1-0: Swinging Strike 1-1: Ball 2-1: Ball 3-1: Base on Balls
|
|
Batting: LHB Willie Ceniceros
|
0-0: Swinging Strike 0-1: Ball 1-1: SINGLE (Groundball, 4MD, EV 105.0 MPH) Bill Defazio scores Kevin Kantor to third Hugo Zacarias to second Runner from 3rd tries for Home, throw by CF and OUT! 8-2
|
| Top of the 5th over - 1 run, 3 hits, 0 errors, 2 left on base; Sacramento 3 - Gwinnett 3 |
| BOTTOM OF THE 5TH |
|
Gwinnett Braves batting - Pitching for Sacramento River Cats : RHP Tim Welshman
|
|
Batting: LHB Robby Dann
|
0-0: Ball 1-0: Foul Ball, location: 2F 1-1: Foul Ball, location: 2F 1-2: Foul Ball, location: 2F 1-2: Foul Ball, location: 2F 1-2: Foul Ball, location: 2F 1-2: Foul Ball, location: 2F 1-2: Ground out 4-3 (Groundball, 4S, EV 86.2 MPH)
|
|
Batting: RHB Neal Tinoco
|
0-0: Ball 1-0: Called Strike 1-1: Foul Ball, location: 2F 1-2: Ball 2-2: Strikes out swinging
|
|
Batting: RHB Luis Revilla
|
0-0: Called Strike 0-1: Ball 1-1: Ground out U3 (Groundball, 34, EV 79.4 MPH)
|
| Bottom of the 5th over - 0 runs, 0 hits, 0 errors, 0 left on base; Sacramento 3 - Gwinnett 3 |
| TOP OF THE 6TH |
|
Sacramento River Cats batting - Pitching for Gwinnett Braves : LHP Justin Sullins
|
|
Batting: RHB Laroya Foronda
|
0-0: Ball 1-0: Swinging Strike 1-1: Ball 2-1: Swinging Strike 2-2: Strikes out swinging
|
|
Batting: LHB Nick Swank
|
0-0: Foul Ball, location: 2F 0-1: Foul Ball, location: 2F 0-2: Fly out, F9 (Flyball, 9, EV 94.4 MPH)
|
|
Batting: RHB Jack Toole
|
0-0: Ball 1-0: Fly out, F4 (Popup, 4S, EV 85.0 MPH)
|
| Top of the 6th over - 0 runs, 0 hits, 0 errors, 0 left on base; Sacramento 3 - Gwinnett 3 |
| BOTTOM OF THE 6TH |
|
Gwinnett Braves batting - Pitching for Sacramento River Cats : RHP Tim Welshman
|
|
Batting: RHB Jake Lang
|
0-0: Called Strike 0-1: Ball 1-1: Called Strike 1-2: Ball 2-2: Ball 3-2: Base on Balls
|
|
Batting: RHB Corey Dalton
|
0-0: Called Strike 0-1: Foul Ball, location: 2F 0-2: Strikes out swinging
|
|
Pitching: RHP Herman Ruiz
|
|
|
Batting: RHB Chris Sharpe
|
0-0: SINGLE (Line Drive, 7S, EV 105.6 MPH) Jake Lang to second
|
|
Batting: LHB Mark Buchholz
|
0-0: Ball 1-0: Ball 2-0: Ball 3-0: Base on Balls Jake Lang to third Chris Sharpe to second
|
|
Batting: RHB Jesse Lester
|
0-0: Called Strike 0-1: Called Strike 0-2: Strikes out swinging
|
|
Batting: RHB Johnny Burroughs
|
0-0: Called Strike 0-1: Ball Passed Ball! Jake Lang scores Chris Sharpe to third Mark Buchholz to second 1-1: Called Strike 1-2: Strikes out looking
|
| Bottom of the 6th over - 1 run, 1 hit, 0 errors, 2 left on base; Sacramento 3 - Gwinnett 4 |
| TOP OF THE 7TH |
|
Sacramento River Cats batting - Pitching for Gwinnett Braves : LHP Justin Sullins
|
|
Batting: RHB Bill Defazio
|
0-0: Ground out 1-3 (Groundball, 34S, EV 68.8 MPH)
|
|
Batting: LHB Kevin Kantor
|
0-0: Called Strike 0-1: Ball 1-1: Ground out U3 (Groundball, 3, EV 87.5 MPH)
|
|
Batting: RHB Lucan Esini
|
0-0: Ball 1-0: Called Strike 1-1: Ball 2-1: Ball 3-1: Called Strike 3-2: Base on Balls
|
|
Pitching: LHP Shinya Taira
|
|
|
Batting: LHB Ryan Braden
|
0-0: Ball Lucan Esini is caught stealing 2nd base 2-6
|
| Top of the 7th over - 0 runs, 0 hits, 0 errors, 0 left on base; Sacramento 3 - Gwinnett 4 |
| BOTTOM OF THE 7TH |
|
Gwinnett Braves batting - Pitching for Sacramento River Cats : RHP Herman Ruiz
|
|
Batting: LHB Robby Dann
|
0-0: Ball 1-0: Ball 2-0: Ball 3-0: Base on Balls
|
|
Batting: RHB Neal Tinoco
|
0-0: Ball 1-0: Ball Robby Dann steals 2nd base 2-0: Foul Ball, location: 2F 2-1: Sac Bunt to P - play at first, batter OUT! 1-3 Robby Dann to third
|
|
Batting: RHB Luis Revilla
|
0-0: Foul Ball, location: 2F 0-1: Ball 1-1: Fly out, F9 (Flyball, 89M, EV 85.6 MPH) Runner from 3rd tags up, SCORES, throw by RF
|
|
Batting: RHB Jake Lang
|
0-0: Foul Ball, location: 2F 0-1: Ball 1-1: Ball 2-1: SINGLE (Groundball, 4MD, EV 95.0 MPH)
|
|
Batting: RHB Corey Dalton
|
0-0: SINGLE (Popup, 3D, EV 52.5 MPH) Jake Lang to second Runner from 2nd tries for 3rd, OUT! 4-5
|
| Bottom of the 7th over - 1 run, 2 hits, 0 errors, 1 left on base; Sacramento 3 - Gwinnett 5 |
| TOP OF THE 8TH |
|
Sacramento River Cats batting - Pitching for Gwinnett Braves : LHP Shinya Taira
|
|
Now at 1B: Mike Tenorio
|
|
|
Now in CF: Tim Rodgers
|
|
|
Now in RF: Robby Dann
|
|
|
Batting: LHB Ryan Braden
|
0-0: Ball 1-0: Foul Ball, location: 2F 1-1: Foul Ball, location: 2F 1-2: Ball 2-2: Foul Ball, location: 2F 2-2: Foul Ball, location: 2F 2-2: Foul Ball, location: 2F 2-2: Fly out, F8 (Line Drive, 8RM, EV 93.8 MPH)
|
|
Batting: RHB Hugo Zacarias
|
0-0: Ball 1-0: Called Strike 1-1: Ball 2-1: Ground out U3 (Groundball, 3S, EV 71.9 MPH)
|
|
Batting: LHB Willie Ceniceros
|
0-0: Fly out, F9 (Flyball, 89M, EV 86.9 MPH)
|
| Top of the 8th over - 0 runs, 0 hits, 0 errors, 0 left on base; Sacramento 3 - Gwinnett 5 |
| BOTTOM OF THE 8TH |
|
Gwinnett Braves batting - Pitching for Sacramento River Cats : RHP Herman Ruiz
|
|
Pitching: RHP Taiji Morita
|
|
|
Batting: RHB Chris Sharpe
|
0-0: Called Strike 0-1: Ball 1-1: Foul Ball, location: 2F 1-2: Ball 2-2: Fly out, F9 (Flyball, 9, EV 84.4 MPH)
|
|
Batting: LHB Mark Buchholz
|
0-0: Foul Ball, location: 2F 0-1: Ball 1-1: Called Strike 1-2: Foul Ball, location: 2F 1-2: Ball 2-2: Ball 3-2: Strikes out swinging
|
|
Batting: RHB Jesse Lester
|
0-0: Ball 1-0: Foul Ball, location: 2F 1-1: Swinging Strike 1-2: Strikes out swinging
|
| Bottom of the 8th over - 0 runs, 0 hits, 0 errors, 0 left on base; Sacramento 3 - Gwinnett 5 |
| TOP OF THE 9TH |
|
Sacramento River Cats batting - Pitching for Gwinnett Braves : LHP Shinya Taira
|
|
Pitching: RHP Chong-hun Park
|
|
|
Batting: RHB Laroya Foronda
|
0-0: Fly out, F7 (Flyball, 7S, EV 90.0 MPH)
|
|
Batting: LHB Nick Swank
|
0-0: Ball 1-0: Ball 2-0: Ball 3-0: Called Strike 3-1: Ground out 4-3 (Groundball, 4, EV 79.4 MPH)
|
|
Pinch Hitting: LHB Cesar Arteaga
|
0-0: Foul Ball, location: 2F 0-1: Ball 1-1: Called Strike 1-2: Ball 2-2: Ball 3-2: Base on Balls
|
|
Batting: RHB Bill Defazio
|
0-0: Ball 1-0: SINGLE (Groundball, 6MD, EV 105.6 MPH) Cesar Arteaga to second
|
|
Batting: LHB Kevin Kantor
|
0-0: Called Strike 0-1: Swinging Strike 0-2: Foul Ball, location: 2F 0-2: Strikes out looking
|
| Top of the 9th over - 0 runs, 1 hit, 0 errors, 2 left on base; Sacramento 3 - Gwinnett 5 |
|